 Dungeon Crawl Stone Soup version 0.31-a0-1522-g43313d8a59 (webtiles) character file.

Game seed: 9231471698640257712

103 Curundu the Slasher (level 4, -4/41 HPs)
             Began as a Minotaur Berserker on Dec 31, 2023.
             Was a Believer of Trog.
             Slain by Terence
             ... wielding a +0 hand axe
              (5 damage)
             ... on level 3 of the Dungeon.
             The game lasted 00:05:26 (1858 turns).

Curundu the Slasher (Minotaur Berserker)            Turns: 1858, Time: 00:05:26

Health: -4/41      AC:  6    Str: 24    XL:     4   Next: 51%
Magic:  3/3        EV: 11    Int:  4    God:    Trog [**....]
Gold:   173        SH:  0    Dex: 14    Spells: 3/3 levels left

rFire   . . .        a - +0 falchion
rCold   . . .        (no shield)
rNeg    . . .        j - +0 scale mail "Eloahim" {Dex+5}
rPois   .            (helmet restricted)
rElec   .            (no cloak)
rCorr   .            (no gloves)
SInv    .            (no boots)
Will    .....        (no amulet) Stlth
                     (no ring)
HPRegen 0.26/turn    (no ring)
MPRegen 0.08/turn

%: no passive effects
@: no status effects
A: horns 2, retaliatory headbutt
a: Renounce Religion, Berserk, Trog's Hand


You were on level 3 of the Dungeon.
You worshipped Trog.
Trog was pleased with you.
You visited 1 branch of the dungeon, and saw 3 of its levels.

You collected 173 gold pieces.

Inventory:

Hand Weapons
 a - a +0 falchion (weapon)
Missiles
 d - 2 curare-tipped darts
Armour
 j - the +0 scale mail "Eloahim" (worn) {Dex+5}
   (You found it on level 2 of the Dungeon)

   Dex+5:     It affects your dexterity (+5).
Scrolls
 b - a scroll of fear {unknown}
 c - 3 scrolls of identify {unknown}
 e - 2 scrolls of enchant armour {unknown}
 i - a scroll of immolation {unknown}
 l - a scroll of blinking {unknown}
 m - a scroll of enchant weapon {unknown}
 o - a scroll of fog {unknown}
Potions
 f - a potion of resistance {unknown}
 g - a potion of magic {unknown}
 h - 2 potions of curing {unknown}
 k - 3 potions of degeneration {unknown}
 n - 2 potions of enlightenment {unknown}


   Skills:
 + Level 4.5 Fighting
 + Level 4.9 Long Blades
 + Level 3.4 Armour
 + Level 2.7 Dodging


You had 3 spell levels left.
You didn't know any spells.
Your spell library was empty.

Dungeon Overview and Level Annotations

Branches:
Dungeon (3/15)

Altars:
Ashenzari
Vehumet

Annotations:
D:3 Terence


Innate Abilities, Weirdness & Mutations

You have a pair of horns on your head.
You reflexively headbutt those who attack you in melee.


Message History

Activating: Trog's Hand (1% risk of failure)
Press: ? - help, Q - select action, (/) - cycle Dir - look around, f - activate Your skin crawls.
You feel strong-willed.
You feel the effects of Trog's Hand fading.
Terence barely misses you. You furiously retaliate!
You headbutt Terence! The rat closely misses you. You furiously retaliate!
You headbutt the rat!
You kill the rat!
Trog accepts your kill.
You hit Terence but do no damage. Your headbutt misses Terence.
Terence is heavily wounded.
Terence hits you with a +0 hand axe. The kobold hits you but does no damage.
The ribbon worm bites you! Terence hits you with a +0 hand axe.
You hit Terence.
Terence is severely wounded.
The kobold misses you. You furiously retaliate!
You headbutt the kobold!
You kill the kobold!
Trog accepts your kill.
The ribbon worm bites you but does no damage.
Terence hits you with a +0 hand axe.
You barely miss Terence. You headbutt Terence, but do no damage.
Terence is severely wounded.
The ribbon worm bites you but does no damage.
Terence hits you with a +0 hand axe.
You closely miss Terence.
Terence is severely wounded.
The ribbon worm expels a string of sticky webbing.
The stream of webbing hits you but does no damage.
You are caught in a web!
Terence hits you with a +0 hand axe.
* * * LOW HITPOINT WARNING * * *
You struggle to detach yourself from the web.
Terence hits you with a +0 hand axe!
* * * LOW HITPOINT WARNING * * *
The ribbon worm bites you.
* * * LOW HITPOINT WARNING * * *
The web tears apart.
Your skin stops crawling.
You feel less strong-willed. Terence hits you with a +0 hand axe.
You die...
Terence says, "Rest in peace."

.....##.#
...#......######
######
....##.##...## #
#.(######.## #
##.........# #
........##.# #
....###.##+## #
.## #.#...## #
#.†....## #
#.@@w...# #
........)......#
..
...............+
###
...............#
.####.#.......##
#.##.....## #.
##...## #. ##+##


You could see Terence and a ribbon worm.

Vanquished Creatures
  A jelly (D:3)
  2 adders (D:2)
  A dart slug (D:2)
  2 ribbon worms
  3 ball pythons
  5 bats
  5 endoplasms
  2 giant cockroaches (D:2)
  4 goblins
  2 hobgoblins
  5 kobolds
  5 quokkas
  3 frilled lizards
  4 rats
44 creatures vanquished.

Notes
Turn   | Place    | Note
-------+----------+-------------------------------------------
     0 | D:1      | Curundu the Minotaur Berserker began the quest for the Orb.
     0 | D:1      | Reached XP level 1. HP: 19/19 MP: 0/0
   165 | D:1      | Reached XP level 2. HP: 27/27 MP: 1/1
   701 | D:2      | Found a radiant altar of Vehumet.
   762 | D:2      | Identified the +0 scale mail "Eloahim" {Dex+5}
   821 | D:2      | Reached ** piety under Trog
   866 | D:2      | Reached XP level 3. HP: 33/33 MP: 2/2
  1630 | D:3      | Found a faded altar of an unknown god.
  1634 | D:3      | Found a broken altar of Ashenzari.
  1678 | D:3      | Reached XP level 4. HP: 38/41 MP: 3/3
  1843 | D:3      | Noticed Terence
  1857 | D:3      | HP: 1/41 [ribbon worm (5)]
  1858 | D:3      | Slain by Terence

Illustrated notes

Levels and vault maps discovered:
D:1:      spicycebolla_arrival_ecumenical, layout_loops_cross
D:2:      layout_loops_corners, basic_altar, minmay_tall_x
D:3:      layout_loops_corners, nicolae_overflow_ecumenical_swirl,
          gammafunk_ghost_split, skrybe_limestone_x, uniq_terence

Skill      XL: |  1  2  3 |
---------------+----------+-----
Fighting       | 4 |  4.5
Long Blades    | 4 |  4.9
Armour         | 3 |  3.4
Dodging        | |  2.7

Action                     |  1- 3 |  4- 6 || total
---------------------------+-------+-------++-------
  Melee: Falchion          |    87 |    11 ||    98
         Headbutt          |    12 |     2 ||    14
 Invoke: Trog's Hand       |       |     1 ||     1
 Armour: Animal skin       |     7 |       ||     7
         Ring mail         |    14 |       ||    14
         Scale mail        |    33 |    19 ||    52
  Dodge: Dodged            |    59 |     8 ||    67

Table legend: (Time is in decaauts)
 A = Elapsed time spent in this place.
 B = Non-inter-level travel time spent in this place.
 C = Inter-level travel time spent in this place.
 D = Time resting spent in this place.
 E = Time spent auto-exploring this place.
 F = Levels seen in this place.
 G = Mean time per level.
                   A        B        C        D        E       F      G
               +--------+--------+--------+--------+--------+-----+--------+
         Total |   1864 |   1864 |      0 |      0 |   1309 |   3 |  621.3 |
       Dungeon |   1864 |   1864 |      0 |      0 |   1309 |   3 |  621.3 |
               +--------+--------+--------+--------+--------+-----+--------+

Top non-repeatable levels by time:
     D:2: 895 daAuts
     D:1: 698 daAuts
     D:3: 270 daAuts
